 Dungeon Crawl Stone Soup version 0.29.0-11-gd7f09526c8 (webtiles) character file.

Game seed: 15042635679041072006

119 smilodon the Shooter (level 4, 0/37 HPs)
             Began as a Draconian Hunter on Sept 5, 2022.
             Was an Initiate of the Shining One.
             Slain by an orc
             ... wielding a +0 dagger of venom
              (2 damage)
             ... on level 4 of the Dungeon.
             The game lasted 00:10:03 (3740 turns).

smilodon the Shooter (Draconian Hunter)             Turns: 3740, Time: 00:10:04

Health: 0/37       AC:  8    Str: 10 (13) XL:     4   Next: 74%
Magic:  6/6        EV: 12    Int: 12      God:    the Shining One [......]
Gold:   170        SH:  0    Dex: 12 (14) Spells: 6/6 levels left

rFire   . . .      SeeInvis .   a - +0 shortbow
rCold   + . .      Faith    .   (shield currently unavailable)
rNeg    + . .      Spirit   .   (body armour unavailable)
rPois   .          Reflect  .   (helmet restricted)
rElec   .          Harm     .   l - +2 cloak
rCorr   .          Rampage  .   (no gloves)
Will    .....                   (no boots)
Stlth   +.........              g - amulet of magic regeneration
HPRegen 0.12/turn               e - ring of protection from cold
MPRegen 0.50/turn               p - ring of positive energy

@: lethally poisoned (0 -> -14), glowing
A: AC +5, unfitting armour, cold-blooded, horns 1
a: Renounce Religion


You were on level 4 of the Dungeon.
You worshipped the Shining One.
The Shining One was noncommittal.
You visited 1 branch of the dungeon, and saw 4 of its levels.

You collected 170 gold pieces.

Inventory:

Hand Weapons
 a - a +0 shortbow (weapon)
 k - a +0 hand axe
Armour
 l - a +2 cloak (worn)
Jewellery
 e - a ring of protection from cold (left hand)
 g - an amulet of magic regeneration (around neck)
 p - a ring of positive energy (right hand)
Scrolls
 b - 2 scrolls of immolation
 f - a scroll of butterflies
 m - a scroll of magic mapping
Potions
 d - a potion of lignification
 h - 3 potions of flight


   Skills:
 + Level 2.9 Fighting
 + Level 4.9 Ranged Weapons
 - Level 1.9 Dodging
 - Level 0.8 Stealth
 * Level 1.5 Spellcasting


You had 6 spell levels left.
You didn't know any spells.
Your spell library was empty.

Dungeon Overview and Level Annotations

Branches:
Dungeon (4/15)
 Temple: D:4-7

Altars:
Dithmenos
Elyvilon
Nemelex Xobeh
Wu Jian
Xom
Zin
The Shining One

Shops:
D:4 ?


Innate Abilities, Weirdness & Mutations

Your plain brown scales are hard. (AC +5)
You cannot fit into any form of body armour.
You are cold-blooded and may be slowed by cold attacks.
You have a pair of small horns on your head.


Message History

Deactivating autopickup; reactivate with Ctrl-A.
The orc priest looks braver for a moment.
Something tries to affect you, but you resist.
The orc priest mumbles some strange prayers to Beogh against you.
Beogh smites you!
Okay, then.
Okay, then.
The orc attacks as you move away! The orc closely misses you.
The orc attacks as you move away! The orc closely misses you.
There is an open door here.
The orc attacks as you move away! The orc hits you but does no damage.
You are poisoned.
You feel sick.
An endoplasm comes into view.
You feel sick.
You feel sick.
The orc priest calls upon Beogh to heal the orc.
The orc's wounds heal themselves!
The orc attacks as you move away! The orc misses you.
You feel sick.
You feel sick. The endoplasm attacks as you move away!
The endoplasm barely misses you.
You feel sick. The endoplasm attacks as you move away!
The endoplasm completely misses you.
You feel sick.
You are no longer poisoned.
The endoplasm attacks as you move away! The endoplasm closely misses you.
The orc attacks as you move away! The orc hits you but does no damage.
You are lethally poisoned!
* * * LOW HITPOINT WARNING * * *
You feel very sick. The orc attacks as you move away!
The orc hits you but does no damage.
You are more poisoned.
Found Urhy's Magic Scroll Emporium.
* * * LOW HITPOINT WARNING * * *
You feel very sick.
The orc priest looks encouraged for a moment.
There is an open door here.
The orc attacks as you move away!
The orc hits you with a +0 dagger of venom.
You die...

**************
#.,,*,,,,*,,,*
*.,,*,,,,+,,,*
***###.,****.#,,,*
*,+,.∩..>,,+.#,,,*
*,**##..####.#,,,*
*,,*#........#,,***###*****
**,,#........#,,*......,,,,
**.######@###,,*.......,,,
*.......Jo.#,,#.......,,,
*#.........#+##......,,,,
#.................#**+**
#.................#,,,,,
#........o........#,,,,,
#.................#,,,,,
#.................+,,,,,
########+###'#....#,,,,,


You could see an orc priest, an orc and an endoplasm.

Vanquished Creatures
  Ijyb (D:3)
  A gnoll (D:1)
  2 adders
  A dart slug (D:3)
  6 orcs
  6 endoplasms
  5 giant cockroaches
  3 hobgoblins
  7 jackals
  A quokka (D:1)
  4 ball pythons (D:1)
  3 bats
  2 frilled lizards
  4 goblins
  6 kobolds
  2 rats
54 creatures vanquished.

Notes
Turn   | Place    | Note
-------+----------+-------------------------------------------
     0 | D:1      | smilodon the Draconian Hunter began the quest for the Orb.
     0 | D:1      | Reached XP level 1. HP: 17/17 MP: 1/1
    37 | D:1      | Reached skill level 4 in Ranged Weapons
    37 | D:1      | Reached XP level 2. HP: 24/24 MP: 2/2
   299 | D:1      | Reached XP level 3. HP: 23/30 MP: 3/3
   881 | D:2      | Found a faded altar of an unknown god.
   930 | D:2      | Found a glowing golden altar of the Shining One.
  1034 | D:2      | Reached skill level 1 in Spellcasting
  1052 | D:2      | HP: 1/30 [orc/+2 war axe of flaming (1)]
  1683 | D:2      | Became a worshipper of the Shining One
  1994 | D:3      | Reached XP level 4. HP: 37/37 MP: 5/5
  2027 | D:3      | Found a shadowy altar of Dithmenos.
  2140 | D:3      | Noticed Ijyb
  2722 | D:3      | Noticed an angel
  2723 | D:3      | Found a glowing silver altar of Zin.
  2723 | D:3      | Found a shimmering altar of Xom.
  3089 | D:4      | Found a sparkling altar of Nemelex Xobeh.
  3157 | D:4      | Gained mutation: You have a pair of small horns on your
                  | head. [potion of mutation]
  3287 | D:4      | Found a white marble altar of Elyvilon.
  3288 | D:4      | Found an ornate altar of the Wu Jian Council.
  3414 | D:3      | Killed Ijyb
  3636 | D:4      | Noticed a black bear
  3739 | D:4      | Found Urhy's Magic Scroll Emporium.
  3740 | D:4      | Slain by an orc

Illustrated notes

Levels and vault maps discovered:
D:1:      amcnicky_arrival_wind_blow, layout_rooms, minmay_strange_pillars,
          hangedman_decor_clover_reticule, minivault_4, nrook_uturn
D:2:      layout_loops_cross, basic_ecumenical_altar, basic_altar
D:3:      layout_basic, grunt_temple_overflow_order_and_chaos_1,
          mainiacjoe_overflow_small_starburst, nicolae_dithmenos_shadow_blocks,
          uniq_ijyb
D:4:      layout_gridville, nicolae_overflow_hidden_temple, serial_shops,
          nicolae_shop_hallway_stairs

Skill      XL: |  1  2  3 |
---------------+----------+-----
Ranged Weapons | 4 |  4.9
Spellcasting   | 1 |  1.5
Fighting       | |  2.9
Dodging        | |  1.9
Stealth        | |  0.8

Action                   |  1- 3 |  4- 6 || total
-------------------------+-------+-------++-------
Melee: Unarmed           |       |    13 ||    13
       Hand axe          |       |     4 ||     4
 Fire: Shortbow          |   137 |    81 ||   218
  Use: Scroll            |     4 |     5 ||     9
       Potion            |     3 |     2 ||     5
Armor: Skin              |    33 |    17 ||    50
Dodge: Dodged            |    65 |    32 ||    97
